 Dungeon Crawl Stone Soup version 0.28.0-53-g5a82cb258f (webtiles) character file.

Game seed: 3127676818110748259

15 Descartes the Sneak (level 2, 0/21 HPs)
             Began as an Octopode Delver on June 28, 2022.
             Asphyxiated
             ... on level 5 of the Dungeon.
             The game lasted 00:00:59 (37 turns).

Descartes the Sneak (Octopode Delver)                 Turns: 37, Time: 00:01:00

Health: 0/21       AC:  1    Str: 11    XL:     2   Next: 50%
Magic:  2/2        EV: 13    Int: 12    God:
Gold:   0          SH:  0    Dex: 13    Spells: 1/1 levels left

rFire   . . .      SeeInvis .   a - +0 short sword
rCold   . . .      Faith    .   (no shield)
rNeg    . . .      Spirit   .   (helmet restricted)
rPois   .          Reflect  .   (no amulet)
rElec   .          Harm     .   (no ring)
rCorr   .          Rampage  .   (no ring)
Will    .....                   (no ring)
Stlth   ++++......              (no ring)
HPRegen 0.07/turn               (no ring)
MPRegen 0.08/turn               (no ring)
                                (no ring)
                                (no ring)

@: lethally poisoned (0 -> -15), hasted, very quick
A: almost no armour, amphibious, 8 rings, camouflage 1, gelatinous body 1,
(nimble swimmer 1), tentacles
a: no special abilities


You were on level 5 of the Dungeon.
You visited 1 branch of the dungeon, and saw 1 of its levels.

Inventory:

Hand Weapons
 a - a +0 short sword (weapon)
Wands
 f - a wand of digging (3)
Scrolls
 b - a scroll of fog
 c - a scroll of magic mapping
 d - a scroll of fear


   Skills:
 + Level 3.2 Fighting
 + Level 2.2 Short Blades
 + Level 2.2 Dodging
 + Level 6.8 Stealth


You had one spell level left.
You didn't know any spells.
Your spell library was empty.

Dungeon Overview and Level Annotations

Branches:
Dungeon (5/15)
 Temple: D:4-7

Altars:


Innate Abilities, Weirdness & Mutations

You cannot wear most types of armour.
You are amphibious.
You can wear up to eight rings at the same time.
Your skin changes colour to match your surroundings (Stealth+).
Your rubbery body absorbs attacks. (AC +1, EV +1)
((You are camouflaged when in or above water. (Stealth+)))
You have tentacles for arms and can constrict up to eight enemies at once.


Message History

A howler monkey zombie comes into view.
You closely miss the hound skeleton. You grab the hound skeleton.
You constrict the hound skeleton. The hound skeleton barely misses you.
The kobold shouts!
You hit the hound skeleton. You squeeze the hound skeleton.
The hound skeleton is severely damaged.
You constrict the hound skeleton.
The hound skeleton barely misses you. x2
The kobold brigand shouts!
You hit the hound skeleton. You squeeze the hound skeleton.
You destroy the hound skeleton!
You have reached level 2!
You hit the kobold but do no damage. You grab the kobold.
You constrict the kobold.
The kobold escapes!
You barely miss the kobold. You grab the kobold.
The kobold is moderately wounded.
You constrict the kobold. The kobold closely misses you.
You completely miss the kobold. You grab the kobold.
You constrict the kobold, but do no damage. x2
The kobold hits you with a +0 short sword.
The kobold hits you with a +0 dagger.
You hit the kobold but do no damage. You squeeze the kobold.
You kill the kobold!
You constrict the kobold, but do no damage.
The kobold closely misses you.
Unknown command.
You hit the kobold brigand. Your grab misses the kobold brigand.
The kobold brigand is lightly wounded.
You constrict the kobold.
The kobold brigand hits you with a +0 club!
* * * LOW HITPOINT WARNING * * *
The kobold hits you with a +0 dagger.
* * * LOW HITPOINT WARNING * * *
You feel yourself speed up.
You constrict the kobold.
You kill the kobold!
The kobold brigand barely misses you.
The kobold brigand throws a curare-tipped dart.
The curare-tipped dart hits you.
You are lethally poisoned!
You have difficulty breathing.
You die...

≈.§....>........
≈.≈.####.####.##
.§≈.####.#######+#####
≈≈........'..........
..........#..........
.≈........#..)....(..
§≈§.......#..........
§§§#####..###...###..
§§§ #..###@..#######.
§§ #............)...
#................
#......K.........
#.[....Z.........
#....)....)......
######.##)##.....
#.##.# ..>.#
.........Z.....


You could see a kobold brigand and a howler monkey zombie.

Vanquished Creatures
  A hound skeleton (D:5)
  2 kobolds (D:5)
3 creatures vanquished.

Notes
Turn   | Place    | Note
-------+----------+-------------------------------------------
     0 | D:5      | Descartes the Octopode Delver began the quest for the Orb.
     0 | D:5      | Reached XP level 1. HP: 16/16 MP: 1/1
    19 | D:5      | Noticed a kobold brigand
    25 | D:5      | Reached XP level 2. HP: 21/21 MP: 2/2
    37 | D:5      | Asphyxiated

Illustrated notes

Levels and vault maps discovered:
D:5:      layout_gridville, mainiacjoe_overflow_concentric_impassable,
          mainiacjoe_overflow_catwalk_spiral, minmay_temple_entry_overgrown,
          minmay_starry_boxes

Action                   || total
-------------------------++-------
Melee: Short sword       ||     8
       Tentacles         ||     3
       Constrict         ||     4
  Use: Potion            ||     1
Dodge: Dodged            ||     6
